 Dungeon Crawl Stone Soup version 0.24-a0-264-gf46a388040 (webtiles) character file.

Game seed: 10258272886684293340

13853 Redear the Blocker (level 11, -8/99 HPs)
             Began as a Purple Draconian Fighter on Apr 20, 2019.
             Was a Believer of Sif Muna.
             Engulfed by an ice statue's freezing vapour (27 damage)
             ... in a Gauntlet.
             The game lasted 01:21:42 (16026 turns).

Redear the Blocker (Purple Draconian Fighter)      Turns: 16026, Time: 01:21:43

Health: -8/99      AC: 10    Str: 19    XL:     11   Next: 81%
Magic:  8/11       EV: 16    Int: 12    God:    Sif Muna [**....]
Gold:   884        SH: 12    Dex: 12    Spells: 1/10 levels left

rFire    . . .     SeeInvis .   m - +4 short sword
rCold    . . .     Gourm    .   b - +0 shield
rNeg     . . .     Faith    .   (armour unavailable)
rPois    .         Spirit   .   r - +2 hat
rElec    +         Reflect  .   y - +0 cloak
rCorr    .         Harm     .   (no gloves)
MR       +....     NoTele   +   (no boots)
Stlth    ++........             (no amulet)
HPRegen  0.26/turn              (no ring)
MPRegen  0.12/turn              g - +2 ring of dexterity

@: very slightly contaminated, slowed, very slow
A: breathe power, unfitting armour, stinger 1, talons 1, camouflage 1,
electricity resistance, cold-blooded, AC +7
a: Breathe Dispelling Energy, Divine Energy, Renounce Religion


You were in a Gauntlet.
You worshipped Sif Muna.
Sif Muna was pleased with you.
You were very hungry.

You visited 2 branches of the dungeon, and saw 13 of its levels.
You also visited: Sewer and Gauntlet.

You collected 884 gold pieces.

Inventory:

Hand Weapons
 a - a +0 long sword
 m - a +4 short sword (weapon)
 q - a +0 blowgun
Missiles
 l - 532 stones (quivered)
 o - 88 arrows
 s - 158 sling bullets
 A - 3 needles of frenzy
 F - 12 curare-tipped needles
 G - 36 bolts
 J - 38 poisoned needles
Armour
 b - a +0 shield (worn)
 i - a +2 buckler
 n - a +0 pair of boots
 r - a +2 hat (worn)
 y - a +0 cloak (worn)
Jewellery
 g - a +2 ring of dexterity (right hand)
Wands
 D - a wand of digging (2)
 I - a wand of iceblast (2)
Scrolls
 h - 4 scrolls of fog
 k - a scroll of amnesia
 t - 3 scrolls of enchant armour
 u - 3 scrolls of immolation
 v - 2 scrolls of enchant weapon
 w - a scroll of silence {unknown}
 M - 4 scrolls of magic mapping
 N - 4 scrolls of remove curse {@r2}
Potions
 c - 3 potions of brilliance {Archmagi Int+5 Wiz++}
 d - 3 potions of mutation {!q}
 e - a potion of invisibility
 f - a potion of agility {Stlth+ Dex+5 EV+5 | @q4}
 B - 2 potions of lignification
 H - a potion of haste {@q5}
Miscellaneous
 p - a phantom mirror
Comestibles
 z - 24 rations


   Skills:
 - Level 10.0 Fighting
 - Level 6.5 Long Blades
 - Level 9.5 Dodging
 - Level 10.3 Shields
 + Level 0.0 Conjurations
 - Level 4.3 Hexes
 - Level 5.0 Charms
 - Level 5.0 Necromancy
 + Level 0.0 Fire Magic


You had one spell level left.
You knew the following spells:

 Your Spells              Type           Power        Failure   Level  Hunger
d - Regeneration          Chrm/Necr      ##........   22%         3    ####...
j - Conjure Flame         Conj/Fire      #.......     87%         3    ####...
z - Corona                Hex            ##.....      10%         1    ##.....
R - Blink                 Tloc           N/A          65%         2    ###....

Your spell library contained the following spells:

 Spells                   Type           Power        Failure   Level  Hunger
 Animate Skeleton         Necr           N/A          8%          1    ##.....
 Pain                     Necr           ##..         8%          1    ##.....
 Freeze                   Ice            #...         52%         1    ##.....
 Magic Dart               Conj           #...         52%         1    ##.....
 Sublimation of Blood     Necr           ##........   12%         2    ###....
 Slow                     Hex            ##......     16%         2    ###....
 Vampiric Draining        Necr           ##........   22%         3    ####...
 Ozocubu's Armour         Chrm/Ice       #.......     54%         3    ####...
 Inner Flame              Hex/Fire       #.......     58%         3    ####...
 Portal Projectile        Hex/Tloc       #.....       58%         3    ####...
 Animate Dead             Necr           N/A          58%         4    #####..
 Call Imp                 Summ           #.......     65%         2    ###....
 Throw Frost              Conj/Ice       #.....       65%         2    ###....
 Cause Fear               Hex            ##........   69%         4    #####..
 Ignite Poison            Fire/Tmut/Pois #.......     87%         3    ####...
 Mephitic Cloud           Conj/Pois/Air  #.......     87%         3    ####...
 Leda's Liquefaction      Hex/Erth       #.........   94%         4    #####..
 Petrify                  Tmut/Erth      #.......     99%         4    #####..
 Summon Ice Beast         Ice/Summ       #.......     99%         4    #####..
 Throw Icicle             Conj/Ice       #.......     99%         4    #####..
 Alistair's Intoxication  Tmut/Pois      #.......     100%        5    ######.
 Irradiate                Conj/Tmut      #.........   100%        5    ######.


Dungeon Overview and Level Annotations

Branches:
Dungeon (12/15)            Temple (0/1) D:7            Lair (1/6) D:11
    Orc (0/2) D:12

Altars:
Gozag
Makhleb
Nemelex Xobeh
Sif Muna
Uskayaw
Wu Jian
Xom

Shops:
D:7 *

Annotations:
D:3 1 runed translucent door, Crazy Yiuf
D:7 2 transporters, loom's ghost, novice GnSk
D:8 exclusion: two-headed ogre
D:10 exclusion: two-headed ogre
D:11 honer Gauntlet 15 transporters, 21 runed translucent doors, exclusion: ice statue


Innate Abilities, Weirdness & Mutations

You can breathe bolts of dispelling energy.
Your rich purple scales are hard. (AC +7)
You cannot fit into any form of body armour.
You are cold-blooded and may be slowed by cold attacks.
Your tail ends in a poisonous barb.
You have sharp toenails.
Your skin changes colour to match your surroundings (Stealth+).
You are resistant to electric shocks. (rElec)


Message History

Okay, then.
Unknown command.
Unknown command.
Unknown command.
Put on which piece of jewellery? (? for menu, Esc to quit)
Okay, then.
Unknown command.
Unknown command.
Unknown command.
Unknown command.
Unknown command.
Unknown command.
Unknown command.
Unknown command.
Okay, then.
Okay, then.
Unknown command.
You are engulfed in freezing vapours.
You feel as though you will be slow longer.
You die...

#..###########...####
#..#.........#...##Z©
###..#.#.....#.#...#.#.
#8#..#.##...##.#...#.##
###..#..##.##..#.####.#
#..#....©....#.#©###.
###..#.○#####..#.#.#..#
#8#..#○##○..##.#.#.##.#
###..#@#(Y8(.#.#.#.#.#.
#..#○○○°©=...#.#.#..#
###..#############.####
#8#......#©........#...
###≈.....#########.####
#####..........#.#..+
#8#..........#.#..+
###########..#.#++# #8#
#8#..#.#..+


There were no monsters in sight!

Vanquished Creatures
  Pikel (D:6)
  3 ugly things
  A cyclops (D:12)
  2 rime drakes (Gauntlet)
  A komodo dragon (Lair:1)
  A queen bee (D:9)
  4 trolls
  2 hippogriffs
  A shadow (D:9)
  Sigmund (D:4)
  Eustachio (D:4)
  A spriggan (D:10)
  9 yaks
  2 basilisks (D:12)
  2 wyverns
  2 hungry ghosts
  A water moccasin (D:12)
  3 orc warriors
  Purgy (Sewer)
  4 ice beasts
  4 sky beasts
  An eye of draining (D:12)
  2 slaves (D:6)
  3 necrophages
  2 phantoms
  7 centaurs
  An ogre (D:4)
  A crocodile (D:11)
  4 big kobolds
  Blork the orc (D:6)
  3 bullfrogs
  A gnoll sergeant (D:6)
  4 scorpions
  40 killer bees
  An electric eel (D:10)
  A howler monkey (D:6)
  5 crimson imps
  A centaur zombie (D:10)
  5 hounds
  3 bullfrog zombies
  2 quasits
  2 jellies
  4 orc priests
  A bullfrog skeleton (D:12)
  2 centaur skeletons
  Jessica (D:6)
  7 iguanas
  10 orc wizards
  6 worker ants
  Natasha (D:3)
  2 hound zombies
  A hound skeleton (D:5)
  2 worker ant zombies
  Robin (D:3)
  12 adders
  6 gnolls
  2 shadow imps (D:7)
  2 oozes (D:3)
  An adder skeleton (D:4)
  5 worms
  A dart slug (D:1)
  11 leopard geckos
  41 orcs
  5 bats
  13 giant cockroaches
  12 goblins
  19 hobgoblins
  7 jackals
  7 quokkas
  4 ball pythons
  2 frilled lizards
  22 kobolds
  A leopard gecko skeleton (D:5)
  A leopard gecko zombie (D:6)
  A quokka skeleton (D:4)
  7 rats
357 creatures vanquished.

Vanquished Creatures (others)
  A slave (D:6)
  A jelly (D:11)
  An orc wizard (D:3)
  6 plants (D:7)
  A withered plant (Gauntlet)
10 creatures vanquished.

Grand Total: 367 creatures vanquished

Notes
Turn   | Place    | Note
-------+----------+-------------------------------------------
     0 | D:1      | Redear the Draconian Fighter began the quest for the Orb.
     0 | D:1      | Reached XP level 1. HP: 19/19 MP: 1/1
   233 | D:1      | Reached XP level 2. HP: 22/26 MP: 2/2
   498 | D:1      | Reached skill level 3 in Dodging
   743 | D:1      | Reached XP level 3. HP: 31/33 MP: 3/3
  1451 | D:2      | Found an opulent altar of Gozag.
  1630 | D:2      | Reached XP level 4. HP: 36/40 MP: 4/4
  1723 | D:3      | Reached skill level 4 in Fighting
  1991 | D:3      | Reached skill level 3 in Long Blades
  1998 | D:3      | Gained mutation: Your body sometimes deteriorates upon
                  | taking damage. [potion of mutation]
  1998 | D:3      | Gained mutation: You have a pair of small horns on your
                  | head. [potion of mutation]
  2009 | D:3      | Reached XP level 5. HP: 46/47 MP: 5/5
  2216 | D:3      | Reached skill level 4 in Shields
  2293 | D:3      | Noticed Robin
  2508 | D:3      | Reached XP level 6. HP: 47/53 MP: 6/6
  2527 | D:3      | Killed Robin
  2666 | D:3      | Noticed Natasha
  2676 | D:3      | Killed Natasha
  2676 | D:3      | Reached skill level 4 in Dodging
  2847 | D:3      | Found a runed translucent door.
  2848 | D:3      | Noticed Crazy Yiuf
  3135 | D:4      | Reached skill level 5 in Fighting
  3160 | D:4      | Lost mutation: You have a pair of small horns on your head.
                  | [potion of mutation]
  3160 | D:4      | Lost mutation: Your body sometimes deteriorates upon taking
                  | damage. [potion of mutation]
  3160 | D:4      | Gained mutation: Your tail ends in a poisonous barb.
                  | [potion of mutation]
  3160 | D:4      | Gained mutation: You have sharp toenails. [potion of
                  | mutation]
  3160 | D:4      | Gained mutation: Your skin changes colour to match your
                  | surroundings (Stealth+). [potion of mutation]
  3160 | D:4      | Gained mutation: You are resistant to electric shocks.
                  | (rElec) [potion of mutation]
  3248 | D:4      | Found a glowing drain.
  3250 | D:4      | Noticed Sigmund
  3257 | D:4      | Killed Sigmund
  3257 | D:4      | Reached skill level 4 in Long Blades
  3257 | D:4      | Your scales start taking on a rich purple colour.
  3257 | D:4      | Reached XP level 7. HP: 54/61 MP: 7/7
  3277 | Sewer    | Entered a sewer
  3383 | Sewer    | Noticed Purgy
  3387 | Sewer    | Killed Purgy
  3387 | Sewer    | Reached skill level 5 in Shields
  3672 | D:4      | Noticed Eustachio
  3703 | D:4      | Killed Eustachio
  3794 | D:4      | Reached skill level 6 in Fighting
  3794 | D:4      | Reached skill level 5 in Dodging
  3933 | D:4      | Reached XP level 8. HP: 70/70 MP: 8/8
  4210 | D:5      | Entered Level 5 of the Dungeon
  4511 | D:5      | Reached skill level 5 in Long Blades
  4968 | D:5      | Reached skill level 6 in Shields
  5677 | D:6      | Learned a level 1 spell: Corona
  5778 | D:6      | Noticed Pikel
  5817 | D:6      | Killed Pikel
  5817 | D:6      | Reached skill level 7 in Fighting
  5817 | D:6      | Reached skill level 6 in Long Blades
  5817 | D:6      | Reached skill level 6 in Dodging
  5817 | D:6      | Reached skill level 2 in Hexes
  5817 | D:6      | Reached XP level 9. HP: 79/79 MP: 9/9
  5929 | D:6      | Noticed Jessica
  5949 | D:6      | Killed Jessica
  5962 | D:6      | Found a deep blue altar of Sif Muna.
  6213 | D:6      | Found a shimmering altar of Xom.
  6315 | D:6      | Noticed Blork the orc
  6713 | D:6      | Killed Blork the orc
  6945 | D:7      | Identified the +1 shield of the Farrier {rPois}
  6977 | D:7      | Found a transporter.
  6989 | D:7      | Found a transporter.
  6989 | D:7      | Noticed loom's ghost (novice GnSk)
  7029 | D:7      | Reached skill level 3 in Hexes
  7170 | D:7      | Reached skill level 7 in Shields
  7253 | D:6      | Became a worshipper of Sif Muna the Loreminder
  7316 | D:7      | Learned a level 3 spell: Regeneration
  7357 | D:7      | Found a sparkling altar of Nemelex Xobeh.
  7364 | D:7      | Found a hide-covered altar of Uskayaw.
  7506 | D:7      | Found Ikug's General Store.
  7584 | D:7      | Found a burning altar of Makhleb.
  7609 | D:7      | Reached skill level 1 in Charms
  7609 | D:7      | Reached skill level 1 in Necromancy
  7629 | D:7      | Found a staircase to the Ecumenical Temple.
  8073 | D:8      | Reached skill level 8 in Fighting
  8600 | D:8      | Noticed a two-headed ogre
  8628 | D:8      | Reached skill level 2 in Charms
  8656 | D:8      | Reached skill level 4 in Hexes
  8668 | D:8      | Found an ornate altar of the Wu Jian Council.
  8714 | D:8      | Reached skill level 2 in Necromancy
  8730 | D:8      | Reached * piety under Sif Muna
  9004 | D:9      | Reached XP level 10. HP: 68/88 MP: 8/10
  9241 | D:9      | Reached skill level 3 in Charms
  9302 | D:9      | Reached skill level 7 in Dodging
  9700 | D:9      | Reached skill level 3 in Necromancy
  9989 | D:9      | Got a crystal halberd
 10035 | D:9      | Reached skill level 8 in Shields
 10200 | D:9      | Reached skill level 4 in Charms
 10479 | D:9      | Reached ** piety under Sif Muna
 10493 | D:9      | Reached skill level 9 in Fighting
 10689 | D:10     | Entered Level 10 of the Dungeon
 10740 | D:10     | Reached skill level 4 in Necromancy
 10780 | D:10     | Noticed a two-headed ogre
 11162 | D:10     | Reached skill level 5 in Charms
 11274 | D:10     | Reached XP level 11. HP: 97/97 MP: 11/11
 11314 | D:10     | Learned a level 2 spell: Blink
 11997 | D:11     | Paralysed by a hornet for 3 turns
 12211 | D:11     | Noticed a red ugly thing
 12531 | D:11     | Reached skill level 8 in Dodging
 12713 | D:12     | Noticed a purple ugly thing
 12787 | D:11     | Killed a purple ugly thing
 12787 | D:11     | Reached skill level 5 in Necromancy
 13111 | D:12     | Reached skill level 9 in Shields
 13478 | D:12     | Reached skill level 10 in Fighting
 13515 | D:12     | Found a staircase to the Orcish Mines.
 13664 | D:12     | Noticed a purple ugly thing
 13899 | D:12     | Killed a purple ugly thing
 13899 | D:12     | Reached skill level 9 in Dodging
 13983 | D:12     | Noticed a two-headed ogre
 14127 | D:12     | Reached skill level 10 in Shields
 14493 | D:11     | Found a staircase to the Lair.
 14507 | D:11     | Killed a red ugly thing
 14647 | Lair:1   | Entered Level 1 of the Lair of Beasts
 14772 | Lair:1   | Found a gate leading to a gauntlet.
 14889 | Gauntlet | Entered a Gauntlet
 14889 | Gauntlet | Found a transporter.
 14889 | Gauntlet | Found a transporter.
 14893 | Gauntlet | Found a transporter.
 14893 | Gauntlet | Found a transporter.
 14905 | Gauntlet | Found a transporter.
 14909 | Gauntlet | Noticed a death ooze
 14910 | Gauntlet | Noticed a fire crab
 14913 | Gauntlet | Found a transporter.
 14913 | Gauntlet | Found a transporter.
 14913 | Gauntlet | Noticed a sea snake
 14915 | Gauntlet | Noticed a lindwurm
 14915 | Gauntlet | a sea snake changed into a lindwurm
 14923 | Gauntlet | Noticed a shock serpent
 14928 | Gauntlet | a shock serpent changed into a redback
 14940 | Gauntlet | Noticed a sea snake
 14940 | Gauntlet | a manticore changed into a sea snake
 14942 | Gauntlet | Noticed an anaconda
 14942 | Gauntlet | a sea snake changed into an anaconda
 14947 | Gauntlet | Noticed a shock serpent
 14947 | Gauntlet | an anaconda changed into a shock serpent
 14950 | Gauntlet | a fire crab changed into a jumping spider
 14974 | Gauntlet | Noticed a sixfirhy
 14975 | Gauntlet | Found a transporter.
 14990 | Gauntlet | Found a transporter.
 15006 | Gauntlet | Found a transporter.
 15020 | Gauntlet | Found a transporter.
 15111 | Gauntlet | Found a large runed translucent door.
 15112 | Gauntlet | Found a large runed translucent door.
 15113 | Gauntlet | Found a transporter.
 15113 | Gauntlet | Found a large runed translucent door.
 15113 | Gauntlet | Found a large runed translucent door.
 15113 | Gauntlet | Found a large runed translucent door.
 15114 | Gauntlet | Found a runed translucent door.
 15157 | Gauntlet | Found a transporter.
 15159 | Gauntlet | Found a large runed translucent door.
 15160 | Gauntlet | Found a large runed translucent door.
 15161 | Gauntlet | Found a runed translucent door.
 15161 | Gauntlet | Found a large runed translucent door.
 15162 | Gauntlet | Found a large runed translucent door.
 15168 | Gauntlet | Found a large runed translucent door.
 15169 | Gauntlet | Found a large runed translucent door.
 15169 | Gauntlet | Found a large runed translucent door.
 15170 | Gauntlet | Found a large runed translucent door.
 15170 | Gauntlet | Found a large runed translucent door.
 15170 | Gauntlet | Found a large runed translucent door.
 15170 | Gauntlet | Found a large runed translucent door.
 15175 | Gauntlet | Found a runed translucent gate.
 15175 | Gauntlet | Found a runed translucent gate.
 15175 | Gauntlet | Found a runed translucent gate.
 15177 | Gauntlet | Found a transporter.
 15193 | Gauntlet | Found a transporter.
 15208 | Gauntlet | Noticed a lindwurm
 15319 | Gauntlet | Found a transporter.
 15417 | Gauntlet | Learned a level 3 spell: Conjure Flame
 16026 | Gauntlet | Engulfed by an ice statue's freezing vapour

Levels and vault maps discovered:
D:1:      dpeg_arrival_solitude, layout_basic, serial_curves, eino_curves_02,
          eino_curves_02
D:2:      layout_rooms, grunt_gozag_statues, first_ration
D:3:      layout_basic, uniq_crazy_yiuf_cottage, uniq_robin, uniq_natasha
D:4:      layout_loops_ring, cheibrodos_sewer_entry_bend,
          kennysheep_generic_room_3, uniq_eustachio, uniq_sigmund
D:5:      layout_loops_corners, kennysheep_boxes
D:6:      corexii_shack_village, layout_basic, tgw_sif,
          lemuel_coloured_pillars_altar, uniq_pikel, uniq_blork_the_orc
D:7:      layout_basic, minitemple, minmay_temple_entry_statues_fountains,
          gammafunk_ghost_gnarly_gnolls, serial_shops, nicolae_shop_crystal,
          basic_altar
D:8:      layout_loops_corners, overflow_temple_1_default
D:9:      layout_roguey [special_room_bee], minmay_radiant
D:10:     layout_basic, grunt_pizzeria
D:11:     lemuel_flame_loot_2, layout_basic, lair_entry_dummy
D:12:     layout_basic, minmay_orc_entry_temple_small,
          kennysheep_opposing_triangles
Lair:1:   layout_cave_pods, basic_altar, gauntlet_entry_generic
Sewer:    kennysheep_door_sewer
Gauntlet: gammafunk_gauntlet_branching [gammafunk_gauntlet_arena_split_x,
          gammafunk_gauntlet_arena_split_diamond,
          minmay_gauntlet_arena_make_your_own_arena,
          gammafunk_gauntlet_arena_mazey, nicolae_gauntlet_swirl,
          gammafunk_gauntlet_arena_teeth, nicolae_gauntlet_arena_flowing_pool,
          gammafunk_gauntlet_arena_crates,
          nicolae_gauntlet_exit_dead_adventurers]

Skill      XL: |  1  2  3  4  5  6  7  8  9 10 11 |
---------------+----------------------------------+-----
Dodging        | 3 4 5 6 7 9 |  9.5
Fighting       | 4 5 6 7 8 9 10 | 10.0
Long Blades    | 3 4 6 |  6.5
Shields        | 4 5 6 7 8 10 | 10.3
Hexes          | 2 4 |  4.3
Charms         | 2 5 |  5.0
Necromancy     | 2 4 5 |  5.0

Action                   |  1- 3 |  4- 6 |  7- 9 | 10-12 || total
-------------------------+-------+-------+-------+-------++-------
Melee: Long sword        |   130 |   144 |   405 |   612 ||  1291
       Tailslap          |    16 |    26 |    54 |   130 ||   226
       Headbutt          |       |    23 |       |       ||    23
       Kick              |       |     3 |   145 |   272 ||   420
       Short sword       |       |       |       |   128 ||   128
 Fire: Blowgun           |       |       |       |     2 ||     2
Throw: Javelin           |       |       |     3 |    23 ||    26
       Stone             |       |       |       |     6 ||     6
 Cast: Corona            |       |       |    13 |    47 ||    60
       Regeneration      |       |       |       |    75 ||    75
 Abil: Breathe Dispellin |       |       |    12 |     7 ||    19
Evoke: Wand              |       |       |     1 |    31 ||    32
  Use: Potion            |       |     5 |     1 |    10 ||    16
       Scroll            |       |     6 |     6 |     9 ||    21
 Stab: Sleeping          |       |       |    18 |     5 ||    23
       Distracted        |       |       |       |     1 ||     1
  Eat: Chunk             |     2 |     6 |    22 |    16 ||    46
       Ration            |       |       |       |     9 ||     9
Armor: Skin              |    55 |    43 |    89 |   153 ||   340
Dodge: Dodged            |    58 |    68 |   202 |   515 ||   843
Block: Shield            |    78 |    81 |   127 |   252 ||   538
       Buckler           |       |       |    42 |   150 ||   192
       Rpst.: Long sword |    22 |    23 |    57 |   130 ||   232

Table legend:
 A = Non-vault XP
 B = Vault XP
 C = Vault XP percentage of total XP
 D = Non-vault monster count
 E = Vault monster count
 F = Vault count percentage of total count
                 A         B        C        D         E       F
            +---------+---------+-------+---------+---------+-------
      Total |   14317 |    5473 |  27.7 |     290 |      66 |  18.5
            +---------+---------+-------+---------+---------+-------
        D:1 |      45 |       0 |   0.0 |      27 |       0 |   0.0
        D:2 |      70 |       6 |   7.9 |      22 |       3 |  12.0
        D:3 |     361 |      63 |  14.9 |      36 |      10 |  21.7
        D:4 |     278 |     452 |  61.9 |      15 |       3 |  16.7
        D:5 |     667 |       0 |   0.0 |      26 |       0 |   0.0
        D:6 |     648 |     733 |  53.1 |      15 |       9 |  37.5
        D:7 |     987 |       0 |   0.0 |      22 |       0 |   0.0
        D:8 |     955 |       0 |   0.0 |      15 |       0 |   0.0
        D:9 |    1373 |    2267 |  62.3 |      18 |      28 |  60.9
       D:10 |    2069 |     220 |   9.6 |      23 |       1 |   4.2
       D:11 |    2452 |       0 |   0.0 |      25 |       0 |   0.0
       D:12 |    4074 |     842 |  17.1 |      45 |       4 |   8.2
     Lair:1 |     338 |       0 |   0.0 |       1 |       0 |   0.0
      Sewer |       0 |     153 | 100.0 |       0 |       6 | 100.0
   Gauntlet |       0 |     737 | 100.0 |       0 |       2 | 100.0
            +---------+---------+-------+---------+---------+-------
